 Dungeon Crawl Stone Soup version 0.19-b1-1-g9a3527e (webtiles) character file.

166 Krapule the Skirmisher (level 5, -2/42 HPs)
             Began as a Formicid Abyssal Knight on Oct 27, 2016.
             Was a Believer of Lugonu.
             Slain by a gnoll
             ... wielding a +0 spear
              (3 damage)
             ... on level 2 of the Dungeon.
             The game lasted 00:10:15 (3373 turns).

Krapule the Skirmisher (Formicid Abyssal Knight)    Turns: 3373, Time: 00:10:16

Health: -2/42      AC:  8    Str: 18    XL:     5   Next: 76%
Magic:  7/7        EV: 10    Int: 11    God:    Lugonu [**....]
Gold:   122        SH:  0    Dex: 10    Spells: 0 memorised, 4 levels left

rFire  + . .     SeeInvis +     v - +4 whip
rCold  . . .     Gourm    .     m - +0 scale mail
rNeg   . . .     Faith    .     (no shield)
rPois  .         Spirit   .     (helmet unavailable)
rElec  .         Reflect  .     (no cloak)
rCorr  .         Harm     .     (no gloves)
MR     .....                    g - +0 pair of boots
Stlth  ..........               (no amulet)
                                (no ring)
                                o - ring of protection from fire (curse)

@: no status effects
A: permanent stasis, dig shafts and tunnels, four strong arms, antennae 3
a: Dig, Shaft Self, Depart the Abyss, Bend Space, Renounce Religion


You were on level 2 of the Dungeon.
You worshipped Lugonu.
Lugonu was pleased with you.
You were not hungry.

You visited 1 branch of the dungeon, and saw 4 of its levels.
You visited the Abyss 1 time.

You collected 122 gold pieces.

Inventory:

Hand Weapons
 a - a +1 mace
 l - a +0 whip
 v - a +4 whip (weapon)
Armour
 g - a +0 pair of boots (worn)
 m - a +0 scale mail (worn)
Jewellery
 o - a cursed ring of protection from fire (left hand)
 y - a +2 amulet of reflection {unknown}
Scrolls
 d - 2 scrolls of remove curse {unknown}
 e - 2 scrolls of amnesia {unknown}
 h - 6 scrolls of identify {unknown}
 j - 2 scrolls of fear {unknown}
 k - 2 scrolls of teleportation {unknown}
 t - a scroll of random uselessness {unknown}
 u - a scroll of magic mapping {unknown}
 z - a scroll of fog {unknown}
Potions
 f - 2 potions of might {unknown}
 i - 2 potions of curing {unknown}
 n - a potion of brilliance {unknown}
 p - a potion of haste {unknown}
 r - 3 potions of lignification {unknown}
 w - a potion of invisibility {unknown}
 x - a potion of berserk rage {unknown}
Comestibles
 b - a slice of pizza
 c - a bread ration
 q - a beef jerky
 s - a royal jelly


   Skills:
 + Level 4.0 Fighting
 + Level 2.7 Maces & Flails
 + Level 3.4 Armour
 + Level 2.1 Dodging
 + Level 3.7 Invocations


You had 4 spell levels left.
You didn't know any spells.

Dungeon Overview and Level Annotations

Branches:
Dungeon (4/15)
 Temple: D:4-7

Altars:

Annotations:
D:3 kraktruk's ghost, amateur DrMo


Innate Abilities, Weirdness & Mutations

You are under a permanent stasis effect.
You can dig through walls and to a lower floor.
Your four strong arms can wield two-handed weapons with a shield.
You have a pair of large antennae on your head. (SInv)


Message History

You hit the gnoll.
The gnoll is heavily wounded.
The gnoll hits you but does no damage.
You hit the gnoll.
The gnoll is severely wounded.
The gnoll hits you but does no damage.
You closely miss the gnoll.
The gnoll is severely wounded.
The gnoll hits you with a spear.
* * * LOW HITPOINT WARNING * * *
You completely miss the gnoll.
The gnoll is severely wounded.
You barely miss the gnoll.
The gnoll is severely wounded.
The gnoll hits you with a spear.
* * * LOW HITPOINT WARNING * * *
The gnoll hits you from afar with a spear.
* * * LOW HITPOINT WARNING * * *
The gnoll hits you from afar with a spear.
You die...

# #.#...# #)# #
#.#...# #.# #
#.#...# #.# #
#.#.### #.# #
#.#.# #.# # #.#.#
#.# # #.#.# #g# #
#.#.# #.# # #.#.#
#@#
####.#.#########.#
.....#...........#
##################


You could see a gnoll.

Vanquished Creatures
  A hound zombie (D:3)
  8 adders
  3 worms
  A dart slug (D:3)
  3 leopard geckos
  11 bats
  4 giant cockroaches
  3 goblins
  8 hobgoblins
  4 jackals (D:2)
  2 ball pythons
  A frilled lizard (D:2)
  12 kobolds
  9 rats
70 creatures vanquished.

Notes
Turn   | Place    | Note
-------+----------+-------------------------------------------
     0 | Abyss:1  | Krapule the Formicid Abyssal Knight began the quest for the Orb.
     0 | Abyss:1  | Reached XP level 1. HP: 18/18 MP: 2/2
    54 | Abyss:1  | Noticed a small abomination
    71 | D:1      | Escaped the Abyss
   319 | D:1      | Reached skill level 1 in Dodging
   355 | D:1      | Reached XP level 2. HP: 24/24 MP: 3/3
   577 | D:1      | Reached * piety under Lugonu
   893 | D:2      | Reached XP level 3. HP: 29/29 MP: 4/4
  1408 | D:2      | Reached XP level 4. HP: 34/35 MP: 6/6
  2094 | D:2      | Reached XP level 5. HP: 18/41 MP: 7/7
  2262 | D:2      | Reached ** piety under Lugonu
  3213 | D:3      | Reached skill level 4 in Fighting
  3234 | D:3      | Noticed kraktruk's ghost (amateur DrMo)
  3371 | D:2      | HP: 2/42 [gnoll/spear (1)]
  3373 | D:2      | Slain by a gnoll

Skill      XL: |  1  2  3  4  5 |
---------------+----------------+-----
Dodging        | 1 2 |  2.1
Armour         | 3 |  3.4
Invocations    | 3 |  3.7
Fighting       | 4 |  4.0
Maces & Flails | |  2.7

Action                   |  1- 3 |  4- 6 || total
-------------------------+-------+-------++-------
Melee: Mace              |    27 |       ||    27
       Whip              |   109 |   253 ||   362
Invok: Depart the Abyss  |     1 |       ||     1
  Eat: Chunk             |     2 |     6 ||     8
Armor: Leather armour    |    22 |       ||    22
       Scale mail        |    65 |   100 ||   165
       Ring mail         |     3 |       ||     3
Dodge: Dodged            |    73 |   133 ||   206
